 Dungeon Crawl Stone Soup version 0.28-a0-533-g9f97627e2a (webtiles) character file.

Game seed: 1251228568259887328

23524 heikuro the Severer (level 12, -11/113 HPs)
             Began as a Minotaur Fighter on Sept 25, 2021.
             Was a High Priest of Okawaru.
             Killed from afar by Frances (22 damage)
             ... with an iron shot
             ... on level 13 of the Dungeon.
             The game lasted 00:25:19 (16809 turns).

heikuro the Severer (Minotaur Fighter)             Turns: 16809, Time: 00:25:20

Health: -11/113    AC: 20    Str: 31    XL:     12   Next: 72%
Magic:  18/18      EV:  8    Int:  5    God:    Okawaru [*****.]
Gold:   990        SH:  9    Dex: 11    Spells: 11/11 levels left

rFire   + . .      SeeInvis .   a - +4 war axe (elec)
rCold   + + .      Faith    .   c - +0 buckler
rNeg    . . .      Spirit   .   R - +2 plate armour {rC+}
rPois   .          Reflect  +   (helmet restricted)
rElec   .          Harm     .   I - scarf {rC+ rF+}
rCorr   .          Rampage  .   j - +0 pair of gloves
Will    +....                   J - +0 pair of boots
Stlth   ..........              D - amulet of reflection
HPRegen 0.28/turn               C - +6 ring of strength
MPRegen 0.16/turn               t - ring of willpower

@: no status effects
A: horns 2, retaliatory headbutt
a: Renounce Religion, Heroism, Finesse, Duel


You were on level 13 of the Dungeon.
You worshipped Okawaru.
Okawaru was extremely pleased with you.
You visited 2 branches of the dungeon, and saw 14 of its levels.
You also visited: Sewer and Bailey.

You collected 990 gold pieces.

Inventory:

Hand Weapons
 a - a +4 war axe of electrocution (weapon)
 y - a +2 vorpal hand axe
 G - a +1 flail of venom
 S - a +1 hand axe of flaming
Missiles
 n - 27 poisoned darts (quivered)
 w - 2 throwing nets
Armour
 c - a +0 buckler (worn)
 j - a +0 pair of gloves (worn)
 I - a scarf of resistance (worn)
 J - a +0 pair of boots (worn)
 O - +0 ice dragon scales
 R - a +2 plate armour of cold resistance (worn)
 T - a +0 kite shield
Jewellery
 m - a ring of protection from cold
 t - a ring of willpower (right hand)
 C - a +6 ring of strength (left hand)
 D - an amulet of reflection (around neck)
 E - a ring of protection from fire
 N - a ring of ice
Wands
 h - a wand of polymorph (13)
 k - a wand of acid (11)
 l - a wand of mindburst (8)
 B - a wand of iceblast (11)
 M - a wand of paralysis (7)
Scrolls
 b - 5 scrolls of identify
 e - 3 scrolls of blinking
 f - 2 scrolls of amnesia
 i - 4 scrolls of fear
 o - a scroll of enchant armour {unknown}
 p - 2 scrolls of fog
 q - 2 scrolls of immolation {unknown}
 s - 7 scrolls of teleportation
 u - 2 scrolls of vulnerability {unknown}
 F - 2 scrolls of summoning {unknown}
 H - a scroll of silence {unknown}
 P - 2 scrolls of noise {unknown}
 Q - a scroll of magic mapping {unknown}
Potions
 d - 3 potions of might
 g - 2 potions of flight
 r - a potion of cancellation
 v - a potion of invisibility
 x - 2 potions of lignification
 z - 3 potions of heal wounds
 A - 3 potions of mutation
 K - 2 potions of curing
 L - 3 potions of haste


   Skills:
 + Level 12.5 Fighting
 - Level 16.0 Axes
 + Level 12.5 Armour
 - Level 4.0 Shields
 + Level 9.4 Invocations


You had 11 spell levels left.
You didn't know any spells.
Your spell library contained the following spells:

 Spells                   Type           Power      Damage    Failure   Level
 Freeze                   Ice            0%         1d3       97%         1
 Pain                     Necr           0%         1d4       97%         1
 Sandblast                Erth           0%         2d4       97%         1
 Blink                    Tloc           N/A        N/A       99%         2
 Passwall                 Tmut/Erth      0%         N/A       99%         2
 Frozen Ramparts          Ice            0%         1d2       100%        3
 Lesser Beckoning         Tloc           0%         N/A       100%        3
 Stone Arrow              Conj/Erth      0%         3d7       100%        3
 Swiftness                Air            0%         N/A       100%        3
 Vampiric Draining        Necr           0%         2d6       100%        3
 Hailstorm                Conj/Ice       0%         3d3       100%        4
 Manifold Assault         Tloc           0%         N/A       100%        5
 Invisibility             Hex            0%         N/A       100%        6
 Lehudib's Crystal Spear  Conj/Erth      0%         10d2      100%        8
 Death's Door             Necr           0%         N/A       100%        9
 Animate Skeleton         Necr           Unusable   N/A       N/A         1

Dungeon Overview and Level Annotations

Branches:
Dungeon (13/15)            Temple (1/1) D:4            Lair (0/6) D:10
    Orc (0/2) D:12          Sewer (visited)          Bailey (visited)
 Vaults: D:13-14

Altars:
Ashenzari
Cheibriados
Dithmenos
Elyvilon
Fedhas
Gozag
Hepliaklqana
Kikubaaqudgha
Makhleb
Nemelex Xobeh
Okawaru
Qazlal
Ru
Sif Muna
Trog
Uskayaw
Vehumet
Wu Jian
Xom
Yredelemnul
Zin
The Shining One

Shops:
D:4 (   D:13 !

Annotations:
D:9 1 runed translucent door
D:10 3 runed translucent doors, heikuro's ghost, journeyman MiBe
D:13 Frances


Innate Abilities, Weirdness & Mutations

You have a pair of horns on your head.
You reflexively headbutt those who attack you in melee.


Message History

Okawaru accepts your kill.
No target in view!
Things that are here:
a +0 trident; a +3 scale mail; a +0 kite shield
Okay, then.
Unknown command.
Frances, Duchess of Pandemonium comes into view.
She is wielding a +0 trident and wearing a +2 leather armour of cold resistance.
Things that are here:
a +0 trident; a +3 scale mail; a +0 kite shield You start removing your armour.
You continue taking off your +0 buckler.
Keep disrobing?
You stop removing your armour.
Press: ? - help, v - describe, . - travel
Here: Frances, wielding a +0 trident and wearing a +2 leather armour of cold resistance The floor.
You see here a throwing net.
w - 2 throwing nets (gained 1) Frances whispers indecipherable words.
The iron shot hits you!!!
A two-headed ogre comes into view.
It is wielding a +0 giant spiked club and a +0 giant club.
Frances mutters in a terrible tongue.
A cyclops comes into view.
The sentinel's mark upon you fades away.
Frances mutters in a terrible tongue.
Found an arbalest.
The soul eater disappears in a puff of smoke!
Unknown command.
Frances whispers indecipherable words.
Frances seems to speed up.
Frances says, "I command an army of devils.
What do you command?"
Frances whispers indecipherable words.
The shard of ice hits you!! You partially resist.
* * * LOW HITPOINT WARNING * * *
Frances screams a word of power!
The shard of ice hits you! You partially resist.
* * * LOW HITPOINT WARNING * * *
Frances chants phrases taken from a devil's mouth.
The iron shot hits you!!
You die...

#.....>.......................
#.............................
#.............4.O.4.......ยง...
#............O###...####......
#.###........@# #...# #......
#.# #.........# #...# #...C..
#.# #.........# #.).# #......
#.# #.........# #...# #......
#.# #........@# #...# .... #.#
#.........# #...#
#.###..........
#................
#.................
#######...........
#............ #..>............
#...............


You could see Frances (fast), a two-headed ogre and a hellwing (summoned).

Vanquished Creatures
  Kirke (D:12)
  3 boulder beetles
  A centaur warrior (D:13)
  4 two-headed ogres
  An orc knight (Bailey)
  3 ugly things
  The ghost of Shayle the Skirmisher, a novice OgWr (D:5)
  4 slime creatures (D:12)
  A cyclops (D:12)
  A manticore (D:12)
  Maurice (D:11)
  Joseph (D:9)
  A kobold demonologist (D:12)
  A komodo dragon (D:11)
  3 trolls
  Grinder (D:6)
  2 wraiths
  3 humans (D:12)
  28 yaks
  3 hogs
  2 steam dragons
  Menkaure (D:4)
  2 acid dragons
  4 water moccasins
  11 orc warriors
  Purgy (Sewer)
  The ghost of DarkSlayer6995 the Vandal, an amateur OgHu (D:3)
  A black bear (D:7)
  An ice beast (D:5)
  3 sky beasts
  2 ogres
  2 necrophages
  A wolf (D:10)
  7 centaurs
  3 phantoms
  3 kobold brigands
  2 bullfrogs (D:7)
  3 gnoll sergeants
  3 scorpions
  A water moccasin zombie (D:7)
  A wyvern skeleton (D:7)
  7 killer bees
  5 wights (D:8)
  A howler monkey (D:11)
  2 electric eels (D:10)
  3 centaur zombies
  9 hounds
  2 centaur skeletons
  A bullfrog skeleton (D:7)
  6 orc priests
  A gnoll shaman (D:5)
  Ijyb (D:3)
  A scorpion zombie (D:5)
  5 iguanas
  13 orc wizards
  A killer bee zombie (D:7)
  2 howler monkey zombies (D:5)
  A howler monkey skeleton (D:5)
  16 gnolls
  4 adders
  A river rat (D:3)
  2 shadow imps
  A white imp (D:7)
  2 ufetubi
  4 worms
  52 orcs
  9 ball pythons
  3 bats
  8 endoplasms
  3 giant cockroaches
  6 goblins
  5 hobgoblins
  4 jackals (D:5)
  26 kobolds
  11 quokkas
  6 frilled lizards (D:1)
  4 rats
347 creatures vanquished.

Vanquished Creatures (others)
  2 kobolds (D:3)
  A fungus (D:1)
  8 plants
11 creatures vanquished.

Grand Total: 358 creatures vanquished

Notes
Turn   | Place    | Note
-------+----------+-------------------------------------------
     0 | D:1      | heikuro the Minotaur Fighter began the quest for the Orb.
     0 | D:1      | Reached XP level 1. HP: 19/19 MP: 0/0
   197 | D:1      | Reached XP level 2. HP: 24/27 MP: 1/1
   240 | D:1      | Found a faded altar of an unknown god.
   306 | D:1      | Reached skill level 3 in Axes
   904 | D:2      | Reached XP level 3. HP: 33/33 MP: 2/2
  1331 | D:2      | Reached XP level 4. HP: 40/40 MP: 3/3
  1346 | D:2      | Reached skill level 4 in Axes
  1777 | D:3      | Noticed Ijyb
  1785 | D:3      | Killed Ijyb
  1810 | D:3      | Reached XP level 5. HP: 28/47 MP: 4/4
  1824 | D:3      | Found a runed translucent gate.
  1829 | D:3      | Found a runed translucent gate.
  1829 | D:3      | Noticed DarkSlayer6995's ghost (amateur OgHu)
  1830 | D:3      | Found a runed translucent gate.
  1881 | D:3      | Reached skill level 5 in Axes
  2007 | D:3      | Found a glowing drain.
  2040 | Sewer    | Entered a sewer
  2223 | Sewer    | Noticed Purgy
  2231 | Sewer    | Killed Purgy
  2232 | Sewer    | Reached skill level 5 in Fighting
  2232 | Sewer    | Reached skill level 5 in Armour
  2232 | Sewer    | Reached XP level 6. HP: 43/56 MP: 5/5
  2962 | D:4      | Noticed Menkaure
  2968 | D:4      | Killed Menkaure
  2969 | D:4      | Reached skill level 6 in Axes
  3025 | D:4      | Found a staircase to the Ecumenical Temple.
  3039 | Temple   | Entered the Ecumenical Temple
  3320 | Temple   | Became a worshipper of Warmaster Okawaru
  3343 | D:4      | Reached XP level 7. HP: 61/61 MP: 6/6
  3374 | D:4      | Reached skill level 1 in Invocations
  3728 | D:4      | Found Sohypak's Weapon Shoppe.
  4068 | D:5      | Entered Level 5 of the Dungeon
  4342 | D:5      | Reached skill level 7 in Axes
  4426 | D:5      | Reached * piety under Okawaru
  4458 | D:5      | Reached XP level 8. HP: 68/71 MP: 8/8
  4510 | D:5      | Found a runed translucent gate.
  4561 | D:5      | Reached skill level 8 in Axes
  4886 | D:5      | Reached ** piety under Okawaru
  5035 | D:5      | Noticed Shayle's ghost (novice OgWr)
  5036 | D:5      | Found a runed translucent gate.
  5036 | D:5      | Found a runed translucent gate.
  5166 | D:5      | Noticed a troll
  5178 | D:5      | Killed a troll
  5179 | D:5      | Reached skill level 9 in Axes
  5562 | D:3      | Killed DarkSlayer6995's ghost
  5952 | D:6      | Reached XP level 9. HP: 76/79 MP: 10/10
  6290 | D:6      | Noticed Grinder
  6298 | D:6      | Killed Grinder
  6299 | D:6      | Reached skill level 10 in Axes
  6727 | D:7      | Noticed a boulder beetle
  6748 | D:7      | Killed a boulder beetle
  6748 | D:7      | Reached *** piety under Okawaru
  7226 | D:7      | Found a bloodstained altar of Trog.
  7248 | D:7      | Reached skill level 5 in Invocations
  7265 | D:7      | Reached skill level 11 in Axes
  7648 | D:7      | Reached XP level 10. HP: 88/90 MP: 13/13
  8112 | D:8      | Reached **** piety under Okawaru
  8510 | D:8      | Got the Handbook of Clay and Unholy Secrets
  8809 | D:9      | Noticed a two-headed ogre
  8847 | D:9      | Noticed a two-headed ogre
  8853 | D:9      | Killed a two-headed ogre
  8854 | D:9      | Reached skill level 12 in Axes
  8944 | D:9      | Found a flagged portal.
  8963 | Bailey   | Entered a bailey
  9263 | Bailey   | Noticed an orc knight
  9412 | Bailey   | Reached ***** piety under Okawaru
  9818 | Bailey   | Killed an orc knight
 10028 | D:9      | Killed a two-headed ogre
 10028 | D:9      | Received a gift from Okawaru
 10029 | D:9      | Reached skill level 13 in Axes
 10045 | D:9      | Noticed a two-headed ogre
 10048 | D:9      | Noticed a green ugly thing
 10057 | D:8      | Killed a two-headed ogre
 10058 | D:8      | Reached skill level 10 in Fighting
 10058 | D:8      | Reached skill level 10 in Armour
 10058 | D:8      | Reached XP level 11. HP: 46/99 MP: 15/15
 10283 | D:9      | Killed a green ugly thing
 10578 | D:9      | Noticed Joseph
 10591 | D:9      | Killed Joseph
 10691 | D:9      | Noticed a two-headed ogre
 10866 | D:9      | Found a runed translucent door.
 11156 | D:9      | Noticed a shining eye
 11161 | D:9      | Noticed a deep troll
 11166 | D:9      | Noticed a swamp dragon
 11299 | D:5      | Killed Shayle's ghost
 11411 | D:10     | Entered Level 10 of the Dungeon
 11411 | D:10     | Noticed heikuro's ghost (journeyman MiBe)
 11411 | D:10     | Found a runed translucent gate.
 11411 | D:10     | Found a runed translucent gate.
 11411 | D:10     | Found a runed translucent gate.
 11448 | D:10     | Reached skill level 14 in Axes
 11972 | D:10     | Found a staircase to the Lair.
 12122 | D:10     | Received a gift from Okawaru
 13503 | D:11     | Noticed Maurice
 13518 | D:11     | Paralysed by something for 3 turns
 13526 | D:11     | Killed Maurice
 13789 | D:11     | Reached skill level 15 in Axes
 13945 | D:11     | Reached XP level 12. HP: 110/110 MP: 17/17
 14302 | D:11     | Noticed a boulder beetle
 14323 | D:11     | Killed a boulder beetle
 14657 | D:12     | Noticed a two-headed ogre
 14663 | D:12     | Killed a two-headed ogre
 14674 | D:12     | Found a radiant altar of Vehumet.
 15168 | D:12     | Found a staircase to the Orcish Mines.
 15725 | D:13     | Noticed a boulder beetle
 15728 | D:13     | Noticed a centaur warrior
 15760 | D:12     | Killed a boulder beetle
 15813 | D:12     | Reached skill level 16 in Axes
 15836 | D:13     | Noticed Kirke
 15944 | D:12     | Killed Kirke
 15944 | D:12     | Received a gift from Okawaru
 16419 | D:13     | Killed a centaur warrior
 16675 | D:13     | Found Juinoro's Distillery.
 16777 | D:13     | Noticed Frances
 16789 | D:13     | Noticed a two-headed ogre
 16809 | D:13     | Killed from afar by Frances

Illustrated notes

Levels and vault maps discovered:
D:1:      wander_arrival_desolate, layout_rooms,
          shapermc_ecumenical_altar_mp_urbaneastern
D:2:      wad_woods_tower, layout_basic, minmay_misc_feat_roman
D:3:      layout_loops_ring, gammafunk_ghost_nasty_kobolds,
          cheibrodos_sewer_entry_sluice, corexii_corridor_pit, uniq_ijyb
D:4:      layout_basic, minmay_temple_entry_offerings, serial_shops,
          nicolae_inconvenience_store, uniq_menkaure
D:5:      minmay_spotlight, layout_basic, gammafunk_ghost_split
D:6:      layout_loops_cross, serial_rivers, chequers_serial_rivers_large_a,
          chequers_serial_rivers_small_b, chequers_serial_rivers_small_3,
          chequers_serial_rivers_micro_c, chequers_serial_rivers_micro_a,
          nrook_loot_triangle, uniq_grinder
D:7:      minmay_skewed_foursquare, layout_loops_cross, bloody_trog
D:8:      layout_loops_ring, hangedman_abyss_or_decor_passed
D:9:      layout_loops_ring, enter_bailey_2, minmay_st_funbox,
          minmay_misc_feat_more_columns, uniq_joseph
D:10:     layout_long_grid, erik_lair_island, serial_co_window_serial,
          co_window_corner_a, co_window_paths_b, co_window_corner_a,
          co_window_paths_a, co_window_corner_a, co_window_paths_c,
          co_window_corner_cb, co_window_broadway_a, co_window_paths_e,
          co_window_paths_d, glass_columns_a, glass_columns_b, glass_columns_a,
          glass_columns_c, glass_columns_a, ebering_ghost_rock_garden,
          dk_noncrumbling_4
D:11:     layout_gridville, uniq_maurice
D:12:     layout_gridville, hiddenorc1_lemuel, roderic_roman_lattice,
          nicolae_vehumet_altar_sigil
D:13:     layout_small_grid, david_vaults_2, serial_shops,
          nicolae_shop_waterfront, nicolae_diamond_shop, uniq_kirke,
          uniq_frances
Temple:   nicolae_temple_the_god_donut

Skill      XL: |  1  2  3  4  5  6  7  8  9 10 11 12 |
---------------+-------------------------------------+-----
Axes           | 3 4 5 6 7 9 11 13 15 16 | 16.0
Fighting       | 4 5 6 7 8 10 11 12 | 12.5
Shields        | 4 |  4.0
Armour         | 4 5 6 7 8 10 11 12 | 12.5
Invocations    | 2 3 5 6 8 9 |  9.4

Action                   |  1- 3 |  4- 6 |  7- 9 | 10-12 || total
-------------------------+-------+-------+-------+-------++-------
Melee: War axe           |    83 |   106 |   159 |   433 ||   781
       Headbutt          |    14 |    18 |    38 |    99 ||   169
       Hand axe          |       |       |    64 |       ||    64
Throw: Dart              |       |     4 |     8 |    34 ||    46
Invok: Heroism           |       |       |     1 |     2 ||     3
Evoke: Wand              |       |     1 |       |     9 ||    10
  Use: Potion            |       |     1 |       |       ||     1
       Scroll            |       |       |     6 |     8 ||    14
Armor: Scale mail        |     6 |       |       |       ||     6
       Chain mail        |    25 |    62 |   109 |   104 ||   300
       Plate armour      |       |       |       |    85 ||    85
Dodge: Dodged            |    36 |    29 |    66 |   126 ||   257
Block: Buckler           |    17 |    16 |    67 |   223 ||   323
       Reflection        |       |       |       |    30 ||    30

Table legend: (Time is in decaauts)
 A = Elapsed time spent in this place.
 B = Non-inter-level travel time spent in this place.
 C = Inter-level travel time spent in this place.
 D = Time resting spent in this place.
 E = Time spent auto-exploring this place.
 F = Levels seen in this place.
 G = Mean time per level.
                   A        B        C        D        E       F      G
               +--------+--------+--------+--------+--------+-----+--------+
         Total |  16825 |  15994 |    831 |   4806 |   7890 |  16 | 1051.6 |
       Dungeon |  15271 |  14440 |    831 |   4220 |   7439 |  13 | 1174.7 |
        Temple |    288 |    288 |      0 |      0 |    250 |   1 |  288.0 |
         Sewer |    298 |    298 |      0 |    126 |      0 |   1 |  298.0 |
        Bailey |    967 |    967 |      0 |    460 |    201 |   1 |  967.0 |
               +--------+--------+--------+--------+--------+-----+--------+

Top non-repeatable levels by time:
    D:10: 1875 daAuts
    D:12: 1715 daAuts
     D:9: 1406 daAuts
     D:5: 1312 daAuts
     D:7: 1273 daAuts
     D:4: 1221 daAuts
    D:11: 1147 daAuts
     D:3: 1143 daAuts
     D:8: 1106 daAuts
     D:2: 982 daAuts
  Bailey: 967 daAuts
     D:6: 842 daAuts
     D:1: 832 daAuts
    D:13: 412 daAuts
   Sewer: 298 daAuts
